 Dungeon Crawl Stone Soup version 0.23.2-1-ga50397a (webtiles) character file.

Game seed: 8925780720232712452

1195 Borgoz the Cudgeler (level 8, -2/46 HPs)
             Began as a Gargoyle Berserker on May 26, 2019.
             Was a Priest of Trog.
             Killed by divine providence
             ... invoked by an orc priest
              (12 damage)
             ... on level 6 of the Dungeon.
             The game lasted 00:10:13 (4383 turns).

Borgoz the Cudgeler (Gargoyle Berserker)            Turns: 4383, Time: 00:10:14

Health: -2/46      AC: 22    Str: 27    XL:     8   Next: 44%
Magic:  8/8        EV: 12    Int:  5    God:    Trog [***...]
Gold:   17         SH:  4    Dex: 10    Spells: 7/7 levels left

rFire    . . .     SeeInvis .   t - +0 mace (protect)
rCold    . . .     Gourm    .   (no shield)
rNeg     + . .     Faith    .   h - +0 scale mail
rPois    ∞         Spirit   .   p - +0 helmet (curse)
rElec    +         Reflect  +   a - +0 cloak
rCorr    +         Harm     .   (no gloves)
MR       .....                  (no boots)
Stlth    ..........             m - +4 amulet of reflection
HPRegen  0.15/turn              q - -3 ring of intelligence (curse)
MPRegen  0.11/turn              r - ring of resist corrosion

@: mighty, protection aura, berserk cooldown, slowed, very slow
A: mutation resistance 1, negative energy resistance 1, electricity resistance,
unbreathing, petrification resistance, rot immunity, AC +5
a: Berserk, Trog's Hand, Renounce Religion


You were on level 6 of the Dungeon.
You worshipped Trog.
Trog was most pleased with you.
You were near starving.

You visited 2 branches of the dungeon, and saw 7 of its levels.

You collected 270 gold pieces.
You spent 253 gold pieces at shops.

Inventory:

Hand Weapons
 t - a +0 mace of protection (weapon)
Armour
 a - a +0 cloak (worn)
 h - a +0 scale mail (worn)
 p - a cursed +0 helmet (worn)
Jewellery
 m - a +4 amulet of reflection (around neck)
 n - a +2 ring of protection
 o - an uncursed amulet of magic regeneration
 q - a cursed -3 ring of intelligence (left hand)
 r - a ring of resist corrosion (right hand)
Wands
 j - a wand of random effects (21)
Scrolls
 b - a scroll of fog
 d - 2 scrolls of identify
 l - 4 scrolls of teleportation
 s - 2 scrolls of blinking {unknown}
Potions
 e - 2 potions of heal wounds
 f - a potion of agility
 g - 3 potions of haste
 i - 2 potions of cancellation {unknown}
 k - 3 potions of curing
 u - a potion of might
Comestibles
 c - 10 rations


   Skills:
 - Level 3.2 Fighting
 * Level 6.9 Maces & Flails
 + Level 5.2 Armour
 * Level 5.3 Dodging


You had 7 spell levels left.
You didn't know any spells.
Your spell library was empty.

Dungeon Overview and Level Annotations

Branches:
Dungeon (6/15)             Temple (1/1) D:5

Altars:
Ashenzari
Cheibriados
Dithmenos
Elyvilon
Fedhas
Gozag
Hepliaklqana
Kikubaaqudgha
Makhleb
Nemelex Xobeh
Okawaru
Qazlal
Ru
Sif Muna
Trog
Uskayaw
Vehumet
Wu Jian
Xom
Yredelemnul
Zin
The Shining One

Shops:
D:5 !

Annotations:
D:4 2 transporters, troglodite's ghost, amateur DsFi


Innate Abilities, Weirdness & Mutations

You are resistant to torment.
Your stone body is resilient. (AC +5)
You are immune to poison.
You resist negative energy. (rN+)
You are resistant to electric shocks. (rElec)
You can survive without breathing.
You are immune to petrification.
You are immune to rotting.
You are somewhat resistant to further mutation.


Message History

The orc warrior hits you with a +0 flail!
The orc hits you but does no damage. Something hits you but does no damage.
The orc misses you.
You sock the ice beast!
The ice beast is almost dead.
The ice beast barely misses you. The orc barely misses you.
You thump the ice beast!
You kill the ice beast!
Trog accepts your kill.
You are no longer berserk.
You are exhausted.
You feel yourself slow down.
The orc warrior hits you with a +0 flail.
* * * LOW HITPOINT WARNING * * *
Something hits you but does no damage.
The orc wizard hits you but does no damage.
The orc hits you but does no damage.
The orc priest calls down the wrath of Beogh upon you.
Beogh smites you!
You die...

.############.######
.# .# #..#######.#
.# ##.......... .#
#..#....... >
##..##..... #..#.#..
#.o.#.# #.o..#
#o@o.# #.oo{..#
#.oo....#
#..........
...........
#........##.
#.#.....#.
.......#.#.


You could see an orc warrior, an orc priest, 2 orc wizards and 4 orcs.

Vanquished Creatures
  Edmund (D:5)
  An ice beast (D:6)
  A black bear (D:6)
  A phantom (D:4)
  2 ogres (D:4)
  A centaur (D:5)
  A howler monkey (D:4)
  2 bullfrog skeletons
  An orc priest (D:6)
  A hound (D:4)
  3 orc wizards
  5 worker ants
  4 gnolls
  5 adders
  A howler monkey skeleton (D:4)
  An adder zombie (D:5)
  An adder skeleton (D:4)
  3 worms
  3 dart slugs
  2 leopard geckos
  18 orcs
  8 giant cockroaches
  7 goblins
  8 hobgoblins
  5 jackals
  4 kobolds
  2 ball pythons
  8 bats
  10 frilled lizards
  A jackal zombie (D:6)
  5 rats
116 creatures vanquished.

Notes
Turn   | Place    | Note
-------+----------+-------------------------------------------
     0 | D:1      | Borgoz the Gargoyle Berserker began the quest for the Orb.
     0 | D:1      | Reached XP level 1. HP: 14/14 MP: 1/1
   112 | D:1      | Reached XP level 2. HP: 14/19 MP: 2/2
   707 | D:1      | Reached XP level 3. HP: 18/23 MP: 3/3
   989 | D:2      | You fall through a shaft for 2 floors!
  1030 | D:4      | Found a glowing silver altar of Zin.
  1032 | D:4      | Found a hide-covered altar of Uskayaw.
  1238 | D:4      | Noticed a phantom
  1262 | D:3      | Reached XP level 4. HP: 10/28 MP: 4/4
  1277 | D:3      | Gained mutation: You are somewhat resistant to further
                  | mutation. [potion of mutation]
  1308 | D:3      | Reached skill level 4 in Maces & Flails
  1316 | D:3      | Reached ** piety under Trog
  1660 | D:2      | Found a faded altar of an unknown god.
  1837 | D:2      | Reached XP level 5. HP: 19/32 MP: 5/5
  2497 | D:3      | Found an ancient bone altar of Kikubaaqudgha.
  2519 | D:3      | Reached XP level 6. HP: 37/37 MP: 6/6
  2625 | D:3      | Reached *** piety under Trog
  2811 | D:4      | Found a white marble altar of Elyvilon.
  2828 | D:4      | Reached skill level 5 in Maces & Flails
  2841 | D:4      | Found a transporter.
  2863 | D:4      | Found a transporter.
  2863 | D:4      | Noticed troglodite's ghost (amateur DsFi)
  2992 | D:4      | Reached XP level 7. HP: 37/41 MP: 7/7
  3459 | D:4      | Reached skill level 6 in Maces & Flails
  3542 | D:5      | Entered Level 5 of the Dungeon
  3600 | D:5      | Reached XP level 8. HP: 36/46 MP: 8/8
  3619 | D:5      | Found a staircase to the Ecumenical Temple.
  3905 | D:5      | Noticed Edmund
  3943 | D:5      | Killed Edmund
  3943 | D:5      | Reached skill level 5 in Dodging
  3981 | D:5      | Found Zibiheto's Distillery.
  3984 | D:5      | Bought a potion of heal wounds for 55 gold pieces
  3984 | D:5      | Bought a potion of haste for 110 gold pieces
  3984 | D:5      | Bought a potion of might for 44 gold pieces
  3984 | D:5      | Bought a potion of might for 44 gold pieces
  4085 | Temple   | Entered the Ecumenical Temple
  4308 | D:6      | Reached skill level 5 in Armour
  4383 | D:6      | Killed from afar by an orc priest

Skill      XL: |  1  2  3  4  5  6  7  8 |
---------------+-------------------------+-----
Dodging        | 2 3 4 5 |  5.3
Maces & Flails | 4 5 6 |  6.9
Armour         | 3 4 5 |  5.2
Fighting       | |  3.2

Action                   |  1- 3 |  4- 6 |  7- 9 || total
-------------------------+-------+-------+-------++-------
Melee: Mace              |   128 |   244 |   193 ||   565
Invok: Berserk           |     2 |     1 |     3 ||     6
  Use: Potion            |     2 |     7 |     2 ||    11
       Scroll            |     1 |     8 |       ||     9
  Eat: Chunk             |     1 |     6 |     6 ||    13
       Ration            |       |     1 |       ||     1
Armor: Animal skin       |    34 |       |       ||    34
       Ring mail         |    96 |    19 |       ||   115
       Skin              |       |    48 |       ||    48
       Scale mail        |       |   113 |   132 ||   245
Dodge: Dodged            |   155 |   187 |   128 ||   470
Block: Other             |    16 |    67 |    47 ||   130
